[Event "*** SCC Grand Prix: Titled Tuesday Blitz"]
[Site "Chess.com"]
[Date "2020.06.23"]
[Round "1"]
[White "Eliwood44"]
[Black "Abund"]
[Result "0-1"]
[WhiteElo "2295"]
[BlackElo "2610"]
[TimeControl "180+1"]
[EndTime "10:08:55 PDT"]
[Termination "Abund won on time"]

1. d4 Nf6 2. Nf3 g6 3. e3 Bg7 4.
Be2 O-O 5. O-O b6 6. a4 a5 7. b3 Bb7 8. Nbd2 Nd5 9. Bb2 c5 10. e4 Nf4 11. Bc4 Nc6 12. c3 cxd4 13. Nxd4 Nxd4 14.
cxd4 d5 15. exd5 Bxd5 16. Qg4 Nh5 17. Rfd1 Rc8 18. Rac1 Nf6 19. Qe2 Qd7 20. Bb5 Qb7 21.
Ba6 Qa8 22. Bxc8 Rxc8 23. Rxc8+ Qxc8 24. Rc1 Qb7 25. f3 h5 26. Nc4 h4 27. h3 Bh6 28.
Re1 e6 29. Qe5 Nh5 30. Nd6 Qd7 31. Ne4 Qd8 32. Qd6 Qa8 33. Qd7 Bg7 34. Rc1 Kh7 35.
Ng5+ Kh6 36. Nxf7+ Kh7 37. Ne5 Nf6 38. Qf7 Qe8 39.
Qxe8 Nxe8 40. Rc8 Nd6 41. Rc7 Nf5 42. Ng4 Kg8 43. Rc8+ Kh7 44. Ne5 Bxb3 45. Rb8 Bxa4 46. Rxb6 Ne3 47. Rxe6 Bb3 48. Rb6 a4 49. Ng4 Nc4 50. Rb4 Nxb2 51. Rb7 Nc4 52. Nf6+ Kh6 53. Ng4+ Kh7 54. Nf6+ Kh6 55. Ng4+ Kg5 56. Rxg7 a3 57. Ra7 a2 58. Ne5 Nb2 59. Ra3 Na4 60. Nd3 Nc3 61. Nc1 Bd5 62. Nxa2 Nxa2 63. Ra5 Nc3 64.
Rc5 Ne2+ 65. Kf2 Nf4 0-1

[Event "*** SCC Grand Prix: Titled Tuesday Blitz"]
[Site "Chess.com"]
[Date "2020.06.23"]
[Round "1"]
[White "rpragchess"]
[Black "manmanlai1"]
[Result "1-0"]
[WhiteElo "2800"]
[BlackElo "2406"]
[TimeControl "180+1"]
[EndTime "10:08:57 PDT"]
[Termination "rpragchess won by checkmate"]

1. d4 d5 2. Bf4 c5 3. e3 Nc6 4. c3 cxd4 5. exd4 Bf5 6. Qb3 Qd7 7.
Nd2 e6 8. Ngf3 a6 9. Ne5 Nxe5 10. Bxe5 Ne7 11. Nf3 Nc6 12. Bg3 Be7 13. Be2 O-O 14. O-O Bg4 15. Rfe1 Bxf3 16. Bxf3 Bd6 17. Be2 Bxg3 18.
hxg3 Rfc8 19. Bd3 h5 20. Qd1 g6 21. g4 hxg4 22. Qxg4 Kg7 23. Re3 Rh8 24. Rae1 Rh6 25. f3 Rah8 26. Kf2 Ne7 27. Qg3 Nc6 28. Ke2 Rh1 29. Kd2 Rxe1 30. Rxe1 Qe7 31. Kc2 Rh6 32. a3 b5 33. Qf4 Rh5 34. g4 Rh4 35. Qg3 Qg5 36. Re2 Na5 37. Qe5+ Qxe5 38. dxe5 Rh3 39. Rf2 Nc6 40. f4 Rg3 41. Be2 Rh3 42. f5 gxf5 43. gxf5 Nxe5 44. fxe6 fxe6 45. a4 bxa4 46. Bxa6 Nc6 47.
Bb5 Ne7 48. Bxa4 Nf5 49. Bc6 Kf6 50. b4 Ke5 51. Kb2 Ne7 52. Bb5 Kd6 53. Ba4 Nc6 54. Bb3 Ne5 55. Re2 Nc4+ 56. Bxc4 dxc4 57. Re4 Kd5 58.
Rd4+ Ke5 59. Rxc4 Kf5 60. b5 Rh8 61. Rb4 Rb8 62. c4 e5 63. Kc3 e4 64. c5 Kf4 65. c6 Kf3 66. c7 Re8 67. b6 e3 68.
Rb1 e2 69. b7 Re7 70. c8=Q e1=Q+ 71. Rxe1 Rxe1 72. Qf5+ Ke2 73. Qe4+ Kd1 74. Qc2# 1-0

[Event "*** SCC Grand Prix: Titled Tuesday Blitz"]
[Site "Chess.com"]
[Date "2020.06.23"]
[Round "1"]
[White "Schachmalanders"]
[Black "kleinebeer98"]
[Result "0-1"]
[WhiteElo "2338"]
[BlackElo "2660"]
[TimeControl "180+1"]
[EndTime "10:08:58 PDT"]
[Termination "kleinebeer98 won on time"]

1. e4 e5 2. Nf3 Nc6 3. Nc3 Nf6 4. d4 exd4 5. Nxd4 Bb4 6. Nxc6 bxc6 7. Bd3 d5 8. exd5 O-O 9. O-O Bg4 10. Be2 Bxe2 11.
Nxe2 cxd5 12. Bg5 c6 13. Ng3 h6 14. Bf4 Re8 15. Qf3 a5 16. Rad1 Bd6 17. Rfe1 Bxf4 18. Qxf4 Rb8 19. b3 Rb4 20. Qf3 Rxe1+ 21. Rxe1 g6 22. h3 Kg7 23. Qc3 Qd6 24. Qd3 a4 25.
Nf1 Rf4 26. Nd2 Qa3 27. Qc3 Qxa2 28. Ra1 d4 29. Rxa2 dxc3 30. Nb1 axb3 31. cxb3 Nd5 32. Rc2 Rb4 33. Nxc3 Rxb3 34. Nxd5 cxd5 35. Rc6 Rd3 36. Rd6 Kf8 37. Kf1 Ke7 38. Ra6 Rb3 39.
Ra4 Kd6 40. Ra6+ Ke5 41. g3 h5 42. Ra8 Rb6 43. Rf8 f6 44. h4 d4 45. Ke2 Rd6 46.
Kd3 Kf5 47. f3 Ke5 48. Rg8 Kd5 49. Rxg6 Re6 50. Rh6 Re3+ 51. Kd2 Rxf3 52. Rxh5+ Kc4 53. Rh8 Rxg3 54. h5 Rg2+ 55. Ke1 Kc3 56. h6 Rg1+ 57.
Kf2 Rh1 58. h7 Kd3 59. Kg2 Rh6 60. Kf2 f5 61. Kf3 Rh3+ 62. Kf2 Rh6 63. Kf3 Rh1 64. Kf2 Rh5 65. Kf3 Rh6 66. Kf2 Kd2 67. Rd8 Rxh7 68. Rxd4+ Kc3 69. Rd5 Rf7 70. Kf3 Kc4 71. Rd8 f4 72.
Rd7 Rxd7 73. Kxf4 Rd4+ 0-1

[Event "*** SCC Grand Prix: Titled Tuesday Blitz"]
[Site "Chess.com"]
[Date "2020.06.23"]
[Round "1"]
[White "Barmen_EV"]
[Black "penguingm1"]
[Result "0-1"]
[WhiteElo "2448"]
[BlackElo "2906"]
[TimeControl "180+1"]
[EndTime "10:09:05 PDT"]
[Termination "penguingm1 won by checkmate"]

1. d4 d5 2. c4 e6 3. Nc3 Be7 4. cxd5 exd5 5. Bf4 c6 6. e3 Bf5 7. g4 Be6 8. h3 Nd7 9. Nf3 h5 10. gxh5 Ngf6 11. h6 g6 12. Bd3 Nh5 13. Qc2 Nxf4 14.
exf4 Rxh6 15. O-O-O Qa5 16. f5 gxf5 17. Bxf5 O-O-O 18. Rde1 Bd6 19. Kb1 Bxf5 20. Qxf5 Rf6 21. Qd3 Nb6 22.
Nd2 Rf4 23. h4 Qb4 24. Nb3 Nc4 25. h5 a5 26. Ne2 Rxf2 27. a3 Qb6 28. a4 Qb4 29.
Qc3 Rh8 30. h6 Qxb3 31. Qxb3 Nd2+ 32. Kc2 Nxb3 33. Kxb3 Rh7 34. Rh3 Bb4 35. Rg1 Rxe2 36. Rg8+ Kc7 37. Rg7 Rh8 38. h7 Ree8 39. Rxf7+ Kb6 40.
Rg3 Re7 41. Rgg7 Rxf7 42. Rxf7 Bd6 43. Kc2 Bh2 44. Kd3 Bg1 45. b3 Ka6 46. Kc3 b6 47.
Rc7 c5 48. dxc5 Bxc5 49. Kd3 d4 50. Rd7 Re8 51. Kc4 Rc8 52. Rf7 Rd8 53. Kd3 Bb4 54.
Rg7 Rh8 55. Rg8 Rxh7 56. Kxd4 Rc7 57. Rg3 Bd6 58. Rf3 Bc5+ 59. Kd5 Bb4 60. Ke6 Rc3 61.
Rxc3 Bxc3 62. Kd5 Bb4 63. Kc6 Ka7 64. Kc7 Bc5 65. Kc6 Kb8 66. Kb5 Kb7 67. Kc4 Kc6 68.
b4 Bxb4 69. Kb3 Kc5 70. Kc2 Kc4 71. Kb2 Bc5 72. Ka2 Kb4 73. Kb2 Kxa4 74. Ka2 b5 75. Kb2 b4 76. Ka2 b3+ 77. Kb2 Kb4 78. Kb1 a4 79.
Kb2 a3+ 80. Kb1 a2+ 81. Kb2 Bd4+ 82. Kc1 a1=Q+ 83. Kd2 Qc3+ 84. Ke2 Qe3+ 85. Kd1 Qf2 86. Kc1 Kc3 87. Kd1 Qf1# 0-1

[Event "*** SCC Grand Prix: Titled Tuesday Blitz"]
[Site "Chess.com"]
[Date "2020.06.23"]
[Round "1"]
[White "NMZanette"]
[Black "Chigorinetz"]
[Result "1/2-1/2"]
[WhiteElo "2150"]
[BlackElo "2514"]
[TimeControl "180+1"]
[EndTime "10:09:10 PDT"]
[Termination "Game drawn - insufficient material"]

1. e4 c5 2. Nf3 Nc6 3. Bb5 g5 4. h3 Nf6 5. e5 g4 6. Bxc6 dxc6 7. exf6 gxf3 8. Qxf3 Qd5 9. Qxd5 cxd5 10. fxe7 Bxe7 11. O-O Rg8 12. Kh1 Be6 13. d3 Kd7 14. Nc3 Rg6 15.
f4 Rag8 16. f5 Rxg2 17. fxe6+ fxe6 18. Bf4 Rxc2 19. Rg1 Rxg1+ 20. Rxg1 Bf6 21. Nd1 b5 22. Rg2 Rxg2 23. Kxg2 c4 24. dxc4 bxc4 25. Kf3 e5 26. Bd2 Ke6 27. Nc3 e4+ 28. Ke2 a6 29. Bf4 Be7 30.
Na4 d4 31. Nb6 d3+ 32. Kd1 Bc5 33. Nxc4 Kf5 34. Bd2 Bd4 35. b3 Kg6 36. Ke1 Kh5 37. Kf1 Kg6 38. Kg2 Kf5 39. b4 Ke6 40. Ne3 Be5 41.
a4 Kd7 42. Nc4 Bb8 43. Be3 Kc6 44. Bc5 Kd5 45. Ne3+ Kc6 46. Kf2 Bf4 47. Nc4 Kd5 48.
Nb6+ Kc6 49. Nc4 Kd5 50. Nd2 Bg5 51. Be3 Bh4+ 52. Kg2 Bf6 53. b5 axb5 54. axb5 Bc3 55. b6 Be5 56. Nb3 Kc4 57. Nd2+ Kd5 58. h4 h5 59. Kf1 Bd6 60. Ke1 Bg3+ 61. Kd1 Kc6 62.
Nxe4 Bxh4 63. Kd2 Be7 64. Kxd3 h4 65. Ke2 h3 66. Kf1 Bd8 67. Kg1 Bxb6 68. Bxb6 Kxb6 69. Kh2 Kb5 70. Nf2 Ka4 71. Ng4 Ka3 72. Ne5 Ka2 73. Nc6 Ka1 74. Nb4 Kb2 75. Nd3+ Kb1 76. Nf4 Ka1 77. Ne2 Kb1 78. Nd4 Ka1 79. Nb5 Kb1 80. Na7 Kb2 81. Nc6 Ka1 82. Kxh3 1/2-1/2

[Event "*** SCC Grand Prix: Titled Tuesday Blitz"]
[Site "Chess.com"]
[Date "2020.06.23"]
[Round "1"]
[White "DrVelja"]
[Black "SARGISMV"]
[Result "1/2-1/2"]
[WhiteElo "2839"]
[BlackElo "2442"]
[TimeControl "180+1"]
[EndTime "10:09:14 PDT"]
[Termination "Game drawn - insufficient material"]

1. e4 e6 2. d4 d5 3. e5 c5 4. c3 Nc6 5. Nf3 Nh6 6. Bxh6 gxh6 7. Bb5 Bg7 8. O-O cxd4 9. cxd4 O-O 10. Nc3 f6 11. Qe2 Bd7 12. Bxc6 bxc6 13. Na4 Qe7 14. Nc5 fxe5 15. Nxe5 Be8 16. f4 Rb8 17. g3 h5 18. b3 h4 19. Nf3 Bh5 20. Qxe6+ Qxe6 21. Nxe6 Bxf3 22. Rxf3 Rbe8 23. Nxg7 Kxg7 24. Rc1 Rf6 25. Kf2 hxg3+ 26. hxg3 Re4 27. Rd3 h5 28. Rh1 Kg6 29. Rh4 Rfe6 30. Rd2 Re1 31. f5+ Kxf5 32.
Rxh5+ Kg4 33. Rh4+ Kg5 34. Rh7 R1e4 35. Rg7+ Kh6 36. Rxa7 Rf6+ 37. Kg2 Re1 38. Rc2 Kg5 39. Rc7 Rff1 40. Rf2 Rg1+ 41. Kf3 Rd1 42. Re2 Rgf1+ 43. Ke3 Rc1 44. Kd2 Rfd1+ 45. Ke3 Kg4 46. Rg7+ Kh3 47. g4 Kg3 48. Rd2 Re1+ 49. Kd3 Rf1 50. Re2 Rfd1+ 51. Rd2 Rf1 52. Re7 Kf4 53. Rf7+ Kxg4 54.
Rxf1 Rxf1 55. Rc2 Rf6 56. a4 Rf3+ 57. Kd2 Rxb3 58. Ra2 Rb6 59. a5 Ra6 60. Kc3 Kf4 61. Kb4 Ke4 62. Kc5 Kd3 63. Ra3+ Kc2 64. Kd6 Kb2 65. Rg3 Rxa5 66. Kxc6 Kc2 67. Kd6 Kd2 68. Ke5 Rb5 69. Rh3 Ke2 70. Rc3 Kd2 71. Rc5 Rb8 72.
Rxd5 Re8+ 73. Kd6 Kc3 74. Kd7 Re4 75. Rd6 Rxd4 76. Rxd4 Kxd4 1/2-1/2

[Event "*** SCC Grand Prix: Titled Tuesday Blitz"]
[Site "Chess.com"]
[Date "2020.06.23"]
[Round "1"]
[White "DraG0s3L"]
[Black "viditchess"]
[Result "0-1"]
[WhiteElo "2465"]
[BlackElo "3021"]
[TimeControl "180+1"]
[EndTime "10:09:16 PDT"]
[Termination "viditchess won by resignation"]

1. d4 Nf6 2. c4 e6 3. Nc3 Bb4 4.
Nf3 d5 5. cxd5 exd5 6. Bg5 O-O 7.
e3 h6 8. Bh4 Bf5 9. Bd3 Bxd3 10. Qxd3 Nbd7 11. O-O c6 12. Ne5 Qe8 13. Nxd7 Nxd7 14.
a3 Bxc3 15. Qxc3 Qe6 16. Bg3 Nb6 17. Rfc1 Qd7 18. a4 a5 19. Qc5 Nc4 20. Rxc4 dxc4 21. Qxc4 Rfe8 22. Rc1 Rac8 23. Qc5 Qd5 24. Qb6 c5 25.
dxc5 Re6 26. Qxa5 b6 27. Qb4 Rxc5 28. Rf1 Rc4 29. Qb3 Qc6 30. h3 Qxa4 31. Qd3 Qc6 32. Kh2 Rc1 33. Qd8+ Kh7 34. Qd3+ Rg6 35. Rxc1 Qxc1 36.
Qb3 Rf6 37. Qd3+ Rg6 38. Qb3 Kg8 39. Qb5 Qc6 40. Qe5 Re6 41. Qb8+ Kh7 42. Qf4 Kg8 43. Qb8+ Re8 44. Qf4 b5 45. b4 Qc4 46. Qd6 Rc8 47.
Be5 Qc6 48. Qd3 Re8 49. f4 f6 50. Bd4 Qd5 51. Qg6 Rf8 52. Bc5 Ra8 53. e4 Qe6 54. e5 Rc8 55. Qe4 fxe5 56. fxe5 Re8 57. Qb7 Qxe5+ 58.
Kh1 Qe1+ 59. Kh2 Qe2 60. Qd5+ Re6 61. Qd8+ Kh7 62. Qd7 Qe5+ 63. Kh1 Qf5 64. Qd4 Re1+ 65.
Kh2 Qe5+ 66. Qxe5 Rxe5 67. Kg3 Re4 68. Kf3 Rc4 69. g4 g6 70. Ke3 h5 71. gxh5 gxh5 72.
Kd3 Kg6 73. Bd6 Kg5 74. Be7+ Kf4 75. h4 Kg4 76. Kd2 Re4 77. Kd3 Rxe7 0-1

[Event "*** SCC Grand Prix: Titled Tuesday Blitz"]
[Site "Chess.com"]
[Date "2020.06.23"]
[Round "1"]
[White "Colombiano07"]
[Black "Arman_Hakemi"]
[Result "0-1"]
[WhiteElo "2211"]
[BlackElo "2563"]
[TimeControl "180+1"]
[EndTime "10:09:21 PDT"]
[Termination "Arman_Hakemi won on time"]

1. Nf3 Nf6 2. b3 d5 3. Bb2 Bf5 4. e3 e6 5. c4 c6 6. Be2 Nbd7 7. O-O h6 8. d4 Bd6 9. Bd3 Bxd3 10.
Qxd3 a5 11. Nbd2 a4 12. e4 dxe4 13. Nxe4 Nxe4 14. Qxe4 Nf6 15. Qe2 a3 16. Bc3 O-O 17. Rad1 Qc7 18. Ne5 Rfd8 19. f4 c5 20. dxc5 Bxc5+ 21. Kh1 Rxd1 22. Rxd1 Rd8 23. h3 Rxd1+ 24. Qxd1 Ne4 25.
Qf3 f5 26. Kh2 Qd6 27. Be1 Qd4 28. Qf1 Qb2 29. Qd3 Qxa2 30. Qd8+ Kh7 31. Qe8 Qxb3 32.
Qg6+ Kg8 33. Qxe6+ Kh7 34. Qxf5+ Kg8 35. Qxe4 a2 36.
Qd5+ Kh7 37. Qe4+ Kg8 38. Qd5+ Kh8 39. Nf7+ Kh7 40. Qf5+ Kg8 41. Nxh6+ gxh6 42. Qg6+ Kf8 43. Qf6+ Ke8 44. Qe6+ Be7 45. Bh4 Qb4 46. Qc8+ Kf7 47. Qf5+ Ke8 48. Qc8+ Kf7 49. Qf5+ Kg8 50. Qg6+ Kf8 51.
Qxh6+ Ke8 52. Qg6+ Kd7 53. Qf5+ Kc6 54. Qd5+ Kb6 55.
Qe6+ Ka5 56. Be1 a1=Q 57. Bxb4+ Bxb4 58. Qd5+ Ka4 59. Qxb7 Qd4 60. Qf7 Bc5 61. h4 Qg1+ 62. Kh3 Qh1+ 63. Kg3 Qe1+ 64. Kh3 Qh1+ 65. Kg3 Qe1+ 66.
Kg4 Qe2+ 67. Kf5 Qxg2 68. Qd7+ Kb4 69. Qb5+ Kc3 70. Qxc5 Qh3+ 71. Kg5 Qg3+ 72. Kf5 Qh3+ 73. Ke4 Qg2+ 74. Ke5 Qe2+ 75. Kd6 Qd2+ 76. Qd5 Qa2 77. c5 Qa6+ 78. c6 Qf1 79. Qc5+ Kb3 0-1

[Event "*** SCC Grand Prix: Titled Tuesday Blitz"]
[Site "Chess.com"]
[Date "2020.06.23"]
[Round "1"]
[White "Guenplen"]
[Black "El_ultimo_Pablo"]
[Result "1-0"]
[WhiteElo "2922"]
[BlackElo "2453"]
[TimeControl "180+1"]
[EndTime "10:09:32 PDT"]
[Termination "Guenplen won by resignation"]

1. d4 Nf6 2. Bf4 g6 3. Nc3 d5 4. e3 Bg7 5. h4 h5 6. Nf3 c6 7.
Ne5 Bf5 8. f3 Nfd7 9. Nd3 Bxd3 10. Bxd3 e5 11. dxe5 Nxe5 12. Qd2 Nxd3+ 13. Qxd3 Nd7 14.
O-O-O Nc5 15. Qd2 Qe7 16. Kb1 O-O-O 17. Bg5 Bf6 18. Bxf6 Qxf6 19. Ne2 Kb8 20. Nd4 Ne6 21. Nb3 Rhe8 22. a3 Qe7 23. Rde1 Nc5 24. Nd4 Ne6 25. Nb3 Nc5 26. Na5 Qc7 27. Rd1 Qb6 28. Rhe1 Na4 29. Qb4 Qxb4 30. axb4 Nb6 31. b3 Kc7 32. Rd3 Nc8 33. b5 cxb5 34. b4 b6 35. Nb3 Rd6 36. Red1 Red8 37. Nd4 a6 38. g4 hxg4 39. fxg4 Ne7 40. Rf1 f6 41. Kb2 Rh8 42. Rh1 Nc6 43.
c3 Nxd4 44. Rxd4 a5 45. h5 gxh5 46. gxh5 a4 47. h6 Kc6 48. h7 Rd7 49. Rdh4 Kd6 50. Rh5 Ke6 51. Kc2 Rg7 52. Kd3 a3 53. R1h2 a2 54.
Rxa2 Rgxh7 55. Rxh7 Rxh7 56. Ra6 Rb7 57. Kd4 Kd6 58.
Ra8 Kc6 59. Rf8 Re7 60. Rxf6+ Kb7 61. Rd6 Re4+ 62. Kd3 Re5 63. Rf6 Kc7 64. Rf7+ Kc6 65. Rg7 Re6 66. Rg8 Kd6 67. Rb8 Kc6 68. Rc8+ Kd7 69.
Ra8 Kc6 70. Rf8 Kc7 71. Kd4 Re4+ 72. Kxd5 Rxe3 73. Rf7+ Kb8 74. Kc6 Rxc3+ 75. Kxb6 Kc8 76. Rf8+ Kd7 77. Kxb5 Rc1 78. Kb6 Rc6+ 79. Kb7 Rc7+ 80.
Ka6 Rc1 81. b5 Kc7 82. b6+ Kd7 83. Kb7 Rb1 84. Rf2 Kd8 85. Rd2+ Ke7 86. Kc7 Rc1+ 87. Kb8 Rb1 88. b7 Rb3 89. Ra2 Rb4 90. Ka8 1-0

[Event "*** SCC Grand Prix: Titled Tuesday Blitz"]
[Site "Chess.com"]
[Date "2020.06.23"]
[Round "1"]
[White "FMalexhdez"]
[Black "GiorgianBarbosa"]
[Result "0-1"]
[WhiteElo "2129"]
[BlackElo "2519"]
[TimeControl "180+1"]
[EndTime "10:09:34 PDT"]
[Termination "GiorgianBarbosa won on time"]

1. e4 c5 2. Nf3 g6 3. d4 cxd4 4. Nxd4 Bg7 5. Nc3 Nc6 6. Nb3 Nf6 7. Be2 O-O 8. O-O d6 9. Re1 Be6 10. Bf1 Na5 11. Nd5 Nc6 12. Bg5 Bxd5 13. exd5 Ne5 14. c4 a5 15. Nd4 Re8 16. Rc1 a4 17. Nb5 Ned7 18. Qd2 Nc5 19. Nc3 Qa5 20. g3 Qb4 21. Nb5 Qxd2 22. Bxd2 Nfe4 23. Bc3 Nxc3 24. Nxc3 Kf8 25.
Rc2 Rec8 26. Ne4 Nxe4 27. Rxe4 b5 28. Rce2 bxc4 29. Rxe7 Bxb2 30. Rc2 Be5 31. Rb7 c3 32. f4 Bd4+ 33. Kg2 Rab8 34. Rxb8 Rxb8 35. Kf3 Rb1 36.
Bd3 a3 37. Ke4 Bg7 38. f5 Be5 39. fxg6 hxg6 40. g4 Rh1 41. Bb5 Rxh2 42. Rxh2 Bxh2 43. Kd3 Be5 44. Kc2 f5 45. gxf5 gxf5 46. Kb3 Bf4 47. Be2 Bd2 48. Bd3 f4 49. Kxa3 f3 50. Kb3 f2 51. a4 Be3 52. Kxc3 Ke7 53. a5 Ba7 54. a6 Kf6 55. Kd2 Ke5 56. Bc4 Kd4 57. Ba2 Kc5 58.
Ke2 Kb5 59. Bb1 Kxa6 60. Bf5 Bc5 61. Be6 Kb5 62. Kf1 Kc4 63. Ke2 Kd4 64. Bf7 Ke4 65.
Be6 Kf4 66. Bh3 Kg3 67. Bf1 Bd4 68. Kd1 Kf3 69. Kd2 Be3+ 70. Kd3 Bc5 71. Kd2 Bb4+ 72. Kd3 Be1 73. Kd4 Bd2 74. Kd3 Be3 75. Kc2 Ke4 76.
Bg2+ Kd4 77. Kd1 Kd3 78. Bf1+ Kd4 79. Bg2 Bg5 80. Ke2 Bh4 81. Bh1 Ke5 82. Bg2 Kf4 83.
Kf1 Kg3 84. Be4 Kf4 0-1

[Event "*** SCC Grand Prix: Titled Tuesday Blitz"]
[Site "Chess.com"]
[Date "2020.06.23"]
[Round "1"]
[White "Love_craft"]
[Black "Sviridov_Valery"]
[Result "1/2-1/2"]
[WhiteElo "2438"]
[BlackElo "2832"]
[TimeControl "180+1"]
[EndTime "10:09:35 PDT"]
[Termination "Game drawn - insufficient material"]

1. d4 g6 2. c4 Bg7 3. e4 d6 4.
Be2 e5 5. d5 a5 6. Nc3 Na6 7. Be3 Ne7 8. h4 h6 9. g4 f5 10. gxf5 gxf5 11. Bh5+ Kf8 12. f3 f4 13. Bf2 Nb8 14. Bg4 Bxg4 15. fxg4 Na6 16. Nf3 Qd7 17. Nd2 c6 18. Qf3 Rc8 19. O-O-O b5 20. dxc6 Qxc6 21. cxb5 Qxb5 22. Kb1 Qb7 23. Rc1 Bf6 24. g5 hxg5 25.
hxg5 Rxh1 26. Qxh1 Bg7 27. Qh3 Rc6 28. Nb3 Nb4 29.
Qe6 d5 30. Nxa5 Rxe6 31. Nxb7 d4 32. Nd1 Nd3 33. Rc7 Rg6 34. Bh4 Rb6 35. a3 Ng6 36.
Bf2 f3 37. Kc2 Ngf4 38. Bg3 Rg6 39. Bxf4 Nxf4 40. a4 Rxg5 41. a5 Rg1 42. a6 Rxd1 43.
a7 Ra1 44. Rc8+ Kf7 45. a8=Q Rxa8 46. Rxa8 Ke7 47. Ra1 Ng2 48. Kd3 Ne3 49. Na5 f2 50. Ke2 f1=Q+ 51. Rxf1 Nxf1 52. Kxf1 Kd6 53. Ke2 Kc5 54.
Kd3 Kb4 55. Nc4 Kc5 56. b3 Kb4 57. Kc2 Bf6 58. Nb2 Kb5 59. Nd3 Bg7 60. Kd1 Kc6 61.
Ke2 Kd6 62. Kf3 Ke6 63. Kg4 Bf8 64. Kh5 Be7 65. Kg6 Bd8 66. b4 Bb6 67. b5 Ba5 68. Kg7 Bc7 69. Kf8 Kd6 70. Kf7 Bb8 71. Kf6 Kc7 72. Kxe5 Kb6+ 73. Kxd4 Kxb5 74. Kd5 Kb6 75.
Ne5 Kc7 76. Nc4 Kd7 77. Ne3 Bh2 78. Nf5 Ke8 79. Nd4 Bg3 80. Nf5 Bh2 81. Nh4 Bg3 82. Nf3 Bf4 83. Nd4 Bg3 84. Ne6 Bh2 85. Ng5 Bf4 86.
Nh7 Ke7 87. e5 Bxe5 1/2-1/2

[Event "*** SCC Grand Prix: Titled Tuesday Blitz"]
[Site "Chess.com"]
[Date "2020.06.23"]
[Round "1"]
[White "etesungam"]
[Black "Twitch_ElhamBlitz05"]
[Result "1/2-1/2"]
[WhiteElo "2401"]
[BlackElo "2764"]
[TimeControl "180+1"]
[EndTime "10:09:38 PDT"]
[Termination "Game drawn - insufficient material"]

1. d4 Nf6 2. Nf3 e6 3. c4 d5 4. Nc3 c6 5. cxd5 exd5 6. Bf4 Bd6 7.
Bxd6 Qxd6 8. e3 O-O 9. Bd3 Re8 10. Qc2 h6 11. h3 Nbd7 12. O-O Nf8 13. Ne5 Be6 14. f4 a6 15. Kh1 Rac8 16. Qf2 c5 17. Rad1 cxd4 18. exd4 Bd7 19. Bb1 b5 20. a3 a5 21. Qf3 b4 22. axb4 axb4 23. Ne2 Ne4 24. Ng3 Nxg3+ 25. Qxg3 f6 26. Ng6 Re2 27. Nxf8 Qxf8 28.
Qd3 Re4 29. Qb3 Ree8 30. Qxd5+ Be6 31. Qh5 f5 32. d5 Bd7 33. d6 Qf7 34. Qh4 Re2 35.
Rf2 Re3 36. Rfd2 Rce8 37. Kh2 b3 38. Rd4 Re2 39. Bd3 Qg6 40. Bxe2 Rxe2 41. Qg3 Qe6 42.
R4d2 Re3 43. Qh4 Kh7 44. Qe7 Qxe7 45. dxe7 Be8 46. Rd3 Rxe7 47. Rxb3 Ba4 48. Rbd3 Bxd1 49. Rxd1 Re4 50. Rb1 Rxf4 51. b4 Rd4 52. b5 Rd7 53. b6 Rb7 54. Kg3 g5 55. Kf3 Kg6 56. Ke3 Kf6 57. Kd4 g4 58. h4 f4 59. Ke4 f3 60.
gxf3 gxf3 61. Kxf3 Kf5 62. Kg3 h5 63. Rb5+ Ke4 64. Rb1 Rg7+ 65. Kh3 Rb7 66. Re1+ Kf5 67. Rb1 Ke4 68. Rb5 Kf4 69. Kg2 Kg4 70. Rb4+ Kf5 71.
Kf3 Ke5 72. Rb5+ Kd6 73. Kf4 Kc6 74. Rb4 Rg7 75. Kf5 Kb7 76. Kf6 Rg1 77. Rb5 Rf1+ 78.
Kg6 Rg1+ 79. Kxh5 Rg8 80. Kh6 Rg4 81. h5 Kb8 82. Kh7 Rg5 83. h6 Rxb5 84. Kg8 Rxb6 85. h7 Ka7 86. Kg7 Rb8 87. h8=Q Rxh8 88. Kxh8 1/2-1/2

[Event "*** SCC Grand Prix: Titled Tuesday Blitz"]
[Site "Chess.com"]
[Date "2020.06.23"]
[Round "1"]
[White "Funo09"]
[Black "Lector118"]
[Result "0-1"]
[WhiteElo "2773"]
[BlackElo "2431"]
[TimeControl "180+1"]
[EndTime "10:10:11 PDT"]
[Termination "Lector118 won by resignation"]

1. e4 g6 2. d4 c6 3. Nc3 d5 4.
Be3 Bg7 5. Qd2 dxe4 6. Nxe4 Nf6 7. Nxf6+ Bxf6 8. O-O-O a5 9. h4 h5 10. Nf3 a4 11. Kb1 a3 12. b3 Qa5 13. Be2 Qxd2 14.
Rxd2 Bg4 15. Ng5 Bxe2 16. Rxe2 e6 17. Ne4 Be7 18. Bf4 O-O 19. Bg5 f6 20. Bf4 Kf7 21.
Rhe1 Re8 22. g3 Nd7 23. c3 Nb6 24. Kc2 Nd5 25. Bd2 b5 26. Rd1 Red8 27. Bc1 b4 28.
c4 Nc7 29. Bf4 Rd7 30. Rd3 Rad8 31. Rf3 Kg7 32. Nd2 Kf7 33. Rfe3 Bd6 34. Bxd6 Rxd6 35.
Nf3 R8d7 36. Re4 Rd8 37. Rf4 Ke7 38. Ree4 Na6 39. Ne1 c5 40. d5 e5 41. Nd3 Kd7 42. Rf3 Kc7 43. Rfe3 Kb6 44. g4 hxg4 45. Rxg4 f5 46. Rg5 e4 47. Nf4 Rh8 48. Nxg6 Rh6 49. h5 Rf6 50. Ne7 Rf7 51. Ng6 Nb8 52. f3 exf3 53.
Rxf3 Nd7 54. Rfxf5 Rxf5 55. Rxf5 Kc7 56. Kd3 Kd6 57.
Nf4 Ne5+ 58. Ke4 Nd7 59. Rf7 Nf6+ 60. Kf5 Nxh5 61. Ng6 Ng3+ 62. Kg5 Rh1 63. Rf6+ Kc7 64. d6+ Kb7 65. Ne5 Ne4+ 66. Kf5 Nxf6 67. Kxf6 Re1 68.
Ke6 Kc8 69. d7+ Kd8 70. Kd6 Rd1+ 71. Kxc5 Rd2 72. Kc6 Ke7 73. Kc7 Ke6 74. d8=Q Rxd8 75. Kxd8 Kxe5 76. Kc7 Kd4 77. Kb6 Kc3 78. c5 Kb2 79. c6 Kxa2 80. c7 Kb2 81. c8=Q a2 82. Qh8+ Kb1 83. Qh1+ Kb2 84. Qg2+ Kxb3 85. Qf1 Kb2 86.
Qe2+ Ka3 87. Qa6+ Kb2 88. Qe2+ Ka3 89. Qd2 a1=Q 90. Kb5 Qc3 91. Qd7 Kb3 92. Qd5+ Kc2 93.
Qg2+ Kb3 94. Qe4 Kb2 95. Qe6 b3 96. Qe2+ Qc2 97. Qe4 Kb1 98. Qe5 Qd3+ 99. Kb4 b2 100. Qe1+ Kc2 101. Qf2+ Qd2+ 102. Qxd2+ Kxd2 103. Kc5 b1=Q 104. Kd5 0-1

[Event "*** SCC Grand Prix: Titled Tuesday Blitz"]
[Site "Chess.com"]
[Date "2020.06.23"]
[Round "1"]
[White "checkmatequen"]
[Black "vinniethepooh"]
[Result "1-0"]
[WhiteElo "2251"]
[BlackElo "2552"]
[TimeControl "180+1"]
[EndTime "10:10:23 PDT"]
[Termination "checkmatequen won by resignation"]

1. e4 c5 2. Nf3 d6 3. d4 cxd4 4. Nxd4 Nf6 5. Nc3 a6 6. Bg5 e6 7.
f4 Nbd7 8. Qf3 Qc7 9. O-O-O b5 10. Bd3 Bb7 11. Rhe1 Be7 12. g4 Qb6 13. Nb3 Rc8 14. Kb1 h6 15. Bh4 g5 16. Bf2 Qc7 17. h4 gxf4 18.
Qxf4 Ne5 19. g5 hxg5 20. hxg5 Nfd7 21. Bd4 Rg8 22. Bxe5 Nxe5 23. Rg1 b4 24. Na4 Nxd3 25. cxd3 Rxg5 26. Rdf1 Rxg1 27. Qxf7+ Kd7 28. Rxg1 Qc6 29. Nd4 Qxa4 30. Qxe6+ Kc7 31. Qxe7+ Kb8 32. Qxd6+ Ka8 33. e5 Qa5 34. Nb3 Qb5 35. e6 Bd5 36. Rd1 Qc6 37.
Qxc6+ Rxc6 38. Nd4 Rd6 39. Re1 Kb7 40. e7 Bf7 41.
Nf5 Rd5 42. Ng7 Rxd3 43. e8=Q Bxe8 44. Nxe8 a5 45. Nf6 Kc6 46. Ne4 a4 47. Kc2 Rf3 48. Nd2 Rh3 49. Re4 Kb5 50. Re5+ Kc6 51. Re8 Kb5 52.
Rb8+ Kc5 53. Rc8+ Kb5 54. Rd8 Kc5 55. Rd3 Rh4 56. Rg3 Kb5 57. Re3 Kc5 58. b3 a3 59. Kd3 Rd4+ 60. Ke2 Rh4 61. Nc4 Rh2+ 62. Kd3 Rxa2 63. Re5+ Kc6 64. Re6+ Kc5 65. Re5+ Kc6 66. Re6+ Kd7 67. Rb6 Rh2 68. Rxb4 a2 69. Ra4 Kc6 70. Kc3 Kb5 71. Rb4+ Kc5 72. Ra4 Kb5 73. Ra5+ Kc6 74. Kb4 Rg2 75. Ra6+ Kd5 76. Ra3 Kd4 77. Ra6 Rc2 78.
Ra8 Kd3 79. Rd8+ Ke2 80. Ra8 Rc1 81. Rxa2+ Kd3 82. Ka4 Rb1 83. Rb2 Ra1+ 84. Na3 Rc1 85. b4 Kd4 86. b5 Rc7 87. Ka5 Rb7 88. b6 Rb8 89. Ka6 Ra8+ 90. Kb5 Rxa3 91. b7 Rc3 92. b8=Q Rc5+ 93. Kb6 Rd5 94. Qc8 Ke4 95. Qc6 Ke5 96. Qxd5+ Kxd5 97. Rc2 Kd4 98. Kb5 Kd3 99. Rc8 Kd4 100.
Rc7 Kd3 101. Kb4 Kd4 102. Rd7+ Ke5 103. Kc5 Ke6 104. Rd2 Ke7 105. Kc6 Kf6 106. Re2 Kf5 107. Kd5 Kf4 108. Re8 Kf3 109. Kd4 Kf4 110. Rf8+ Kg5 111. Ke5 Kh6 112. Kf6 Kh7 113. Rc8 1-0

[Event "*** SCC Grand Prix: Titled Tuesday Blitz"]
[Site "Chess.com"]
[Date "2020.06.23"]
[Round "1"]
[White "ShimanovAlex"]
[Black "angryhorse9"]
[Result "1-0"]
[WhiteElo "2867"]
[BlackElo "2442"]
[TimeControl "180+1"]
[EndTime "10:10:38 PDT"]
[Termination "ShimanovAlex won by resignation"]

1. d4 Nf6 2. Bf4 d5 3. Nf3 c5 4. e3 Nc6 5. Nbd2 e6 6. c3 Bd6 7. Bg3 O-O 8. Bd3 b6 9. Qe2 Qc7 10. Rd1 e5 11. dxe5 Nxe5 12. Nxe5 Bxe5 13. Nf3 Bxg3 14.
hxg3 h6 15. Qc2 Be6 16. O-O Rad8 17. Bf5 Qc8 18. Nh4 Bxf5 19. Qxf5 Qc6 20. Qc2 Qe6 21. Qf5 Qc6 22. Qb1 Rfe8 23. Nf3 Qe6 24. Rfe1 Ne4 25. Nd2 Nf6 26. b4 Qe5 27. Qb3 Ng4 28. Nf3 Qh5 29.
bxc5 bxc5 30. Qb5 Rc8 31. Qd7 Nf6 32. Qxa7 Qg6 33. Qb6 Qc2 34. Qb3 Qf5 35. c4 dxc4 36. Qxc4 Ne4 37. a4 g5 38. Rf1 Red8 39. Rxd8+ Rxd8 40.
a5 g4 41. Nh4 Qe5 42. a6 Ra8 43. Ng6 Qe8 44. Ra1 Kg7 45. Nf4 Qe5 46. Rd1 Nf6 47.
Nd3 Qd6 48. Ra1 Nd7 49. Qxg4+ Kf8 50. Qc4 Kg7 51. a7 Qc7 52. Qa4 c4 53. Nf4 c3 54.
Nd5 Qc5 55. Qxd7 c2 56. Rc1 Rxa7 57. Qg4+ Kf8 58. Qe4 Ra2 59. Nf4 Qc3 60. Ne2 Qd2 61. Qc4 Rb2 62. Rf1 Qd1 63. g4 Rb1 64. Ng3 c1=Q 65.
Rxd1 Qxd1+ 66. Kh2 Qc1 67. Qf4 Kg7 68. Nf5+ Kf8 69.
Qxh6+ Ke8 70. Qh8+ Kd7 71. Qd4+ Kc6 72. Qf6+ Kb5 73.
Qxf7 Qh1+ 74. Kg3 Qc1 75. Qd5+ Ka4 76. Nd4 Qc7+ 77. Kf3 Rb6 78. Nf5 Rb5 79. Qe4+ Ka5 80. g5 Qd8 81. Qf4 Qf8 82. g4 Qa8+ 83. Kg3 Qd8 84. g6 Rb1 85. Qe4 Rg1+ 86. Kh2 Qd1 87. Ng3 Re1 88. g7 Qd2 89. Qf5+ Kb4 90. g8=Q 1-0